 Dungeon Crawl Stone Soup version 0.27-a0-978-g2aa4ecdaef (webtiles) character file.

Game seed: 1298444690649833991

36 jestyr24 the Conjurer (level 3, -1/19 HPs)
             Began as a Tengu Conjurer on Apr 14, 2021.
             Slain by a jackal (3 damage)
             ... on level 2 of the Dungeon.
             The game lasted 00:06:32 (1130 turns).

jestyr24 the Conjurer (Tengu Conjurer)              Turns: 1130, Time: 00:06:33

Health: -1/19      AC:  3    Str:  7    XL:     3   Next: 37%
Magic:  5/7        EV: 12    Int: 19    God:
Gold:   48         SH:  0    Dex: 12    Spells: 5/6 levels left

rFire    . . .     SeeInvis .   h - +2 dagger (speed)
rCold    . . .     Faith    .   (no shield)
rNeg     . . .     Spirit   .   a - +0 robe
rPois    .         Reflect  .   (helmet restricted)
rElec    .         Harm     .   d - +0 cloak
rCorr    .         Rampage  .   (no gloves)
Will     .....                  (boots unavailable)
Stlth    ++........             (no amulet)
HPRegen  0.06/turn              (no ring)
MPRegen  0.10/turn              (no ring)

@: no status effects
A: beak, talons 3
a: no special abilities


You were on level 2 of the Dungeon.
You visited 1 branch of the dungeon, and saw 2 of its levels.

You collected 48 gold pieces.

Inventory:

Hand Weapons
 b - a +0 hunting sling
 c - a +1 dagger of holy wrath
 e - a +0 long sword
 g - a +0 long sword
 h - a +2 dagger of speed (weapon)
Armour
 a - a +0 robe (worn)
 d - a +0 cloak (worn)
Scrolls
 f - a scroll of identify {unknown}


   Skills:
 + Level 2.2 Dodging
 + Level 2.1 Stealth
 + Level 2.2 Spellcasting
 + Level 6.5 Conjurations


You had 5 spell levels left.
You knew the following spells:

 Your Spells              Type           Power      Damage    Failure   Level
a - Magic Dart            Conj           100%       1d8       1%          1

Your spell library contained the following spells:

 Spells                   Type           Power      Damage    Failure   Level
 Searing Ray              Conj           52%        3d5       1%          2
 Dazzling Flash           Conj/Hex       28%        N/A       13%         3
 Fulminant Prism          Conj/Hex       7%         3d7       41%         4
 Iskenderun's Mystic Bla  Conj/Tloc      14%        2d5       41%         4


Dungeon Overview and Level Annotations

Branches:
Dungeon (2/15)

Altars:


Innate Abilities, Weirdness & Mutations

You have a beak for a mouth.
You have claws for feet.


Message History

The jackal barks!
You hear a bark! x2
You barely miss the worm.
The worm is moderately wounded.
The worm bites you.
You hit the worm.
The worm is heavily wounded.
A jackal comes into view.
You hit the worm.
The worm is severely wounded.
The jackal closely misses you. The worm bites you!
Ouch! That really hurt!
* * * LOW HITPOINT WARNING * * *
The jackal barely misses you. The jackal closely misses you.
The jackal barely misses you. The jackal completely misses you.
The jackal pauses to sniff the ground.
You are too injured to fight recklessly!
Casting: Magic Dart (safe; 1% risk of failure)
Confirm with . or Enter, or press ? or * to list all spells.
Aiming: Magic Dart (safe; 1% risk of failure)
Press: ? - help, Shift-Dir - straight line, f - jackal
Aim: a jackal (0% to evade)
The magic dart hits the jackal.
The jackal is moderately wounded.
The jackal barely misses you. x2
Casting: Magic Dart (safe; 1% risk of failure)
Confirm with . or Enter, or press ? or * to list all spells.
Aiming: Magic Dart (safe; 1% risk of failure)
Press: ? - help, Shift-Dir - straight line, f/p - jackal
Aim: a jackal (moderately wounded, 0% to evade)
The magic dart hits the jackal.
The jackal is heavily wounded.
The jackal bites you.
* * * LOW HITPOINT WARNING * * *
The jackal bites you but does no damage.
The jackal bites you.
* * * LOW HITPOINT WARNING * * *
The jackal bites you.
You die...

#h# #.#
#w# #.#
#.# #.#
#.#
##.######
#.†.h@..#
##.####<#
### #.#
#.# #.#
#.# #.#
#.# ...


You could see a jackal.

Vanquished Creatures
  3 ball pythons
  6 bats (D:1)
  5 endoplasms (D:1)
  A giant cockroach (D:1)
  9 goblins (D:1)
  A hobgoblin (D:1)
  A frilled lizard (D:1)
  3 kobolds (D:1)
  3 rats (D:1)
32 creatures vanquished.

Notes
Turn   | Place    | Note
-------+----------+-------------------------------------------
     0 | D:1      | jestyr24 the Tengu Conjurer began the quest for the Orb.
     0 | D:1      | Reached XP level 1. HP: 10/10 MP: 4/4
   263 | D:1      | Reached XP level 2. HP: 15/15 MP: 3/6
   393 | D:1      | Reached skill level 6 in Conjurations
   661 | D:1      | Reached XP level 3. HP: 19/19 MP: 4/7
  1130 | D:2      | Slain by a jackal

Illustrated notes

Levels and vault maps discovered:
D:1:      dpeg_arrival_subterranean_lakeside_camping, layout_basic
D:2:      layout_loops_ring

Skill      XL: |  1  2 |
---------------+-------+-----
Conjurations   | 6 |  6.5
Dodging        | |  2.2
Stealth        | |  2.1
Spellcasting   | |  2.2

Action                   || total
-------------------------++-------
Melee: Dagger            ||     6
 Cast: Magic Dart        ||    45
 Stab: Sleeping          ||     1
Armor: Robe              ||     1
Dodge: Dodged            ||    11

Table legend: (Time is in decaauts)
 A = Elapsed time spent in this place.
 B = Non-inter-level travel time spent in this place.
 C = Inter-level travel time spent in this place.
 D = Time resting spent in this place.
 E = Time spent auto-exploring this place.
 F = Levels seen in this place.
 G = Mean time per level.
                   A        B        C        D        E       F      G
               +--------+--------+--------+--------+--------+-----+--------+
         Total |   1126 |   1126 |      0 |    170 |    749 |   2 |  563.0 |
       Dungeon |   1126 |   1126 |      0 |    170 |    749 |   2 |  563.0 |
               +--------+--------+--------+--------+--------+-----+--------+

Top non-repeatable levels by time:
     D:1: 1080 daAuts
     D:2: 46 daAuts
